wizbiz, neutral female human Wizard ------------- |[[[@m[[[[[[| |.f[[[[[[[[[| |.[[[[.[[[[[| #-.[..[[)[m)[| ###|.@)[[.[[[[[| # ------------- ### # ### ----- # |...|### |<..|# |..^.# ----- wizbiz the Conjurer Experience level: 3 Strength: 7 Dexterity: 9 Constitution: 17 Intelligence: 18 Wisdom: 9 Charisma: 13 Health: 0(25) Energy: 1(17) Def: 3 Gold: 93 Moves: 1208 Dungeon seed: xP0f9h_6XMi3pc6V Game ID: wizbiz_1526270211 Your Inventory: Coins $ - 93 gold pieces Weapons a - a blessed +1 quarterstaff (weapon in hands) t - a +0 orcish dagger u - a +0 elven dagger Armor e - a blessed +0 cloak of magic resistance (being worn) q - an uncursed +0 helm of brilliance (being worn) r - an uncursed +0 pair of water walking boots (being worn) Comestibles p - an uncursed food ration Scrolls i - an uncursed scroll of gold detection j - an uncursed scroll of identify s - an uncursed scroll of food detection Spellbooks l - a blessed spellbook of force bolt m - an uncursed spellbook of identify Potions f - a potion of holy water g - an uncursed potion of gain energy h - an uncursed potion of healing Rings c - an uncursed ring of fire resistance d - an uncursed ring of polymorph control n - an uncursed ring of poison resistance Wands b - a wand of undead turning (0:4) Tools o - an uncursed towel Spells and supernatural/magical abilities: Name Level Category Fail Memory a - force bolt 1 attack 0% 94% I - identify 3 divination 85% 94% W - pray for help -- divine ? -- Your skills at the end: Fighting Skills Weapon Skills quarterstaff [Basic] Spellcasting Skills attack spells [Basic] enchantment spells [Basic] Final Attributes: You were piously aligned. You were magic-protected. You could walk on water. You were held by a large mimic. You are dead. Vanquished creatures: a hobbit 2 geckos 7 jackals 2 kobolds 3 goblins 6 grid bugs a lichen 3 kobold zombies 5 newts 30 creatures vanquished. Voluntary challenges: You were an atheist. You used a wielded weapon 15 times, starting on turn 97. You read items or engraved 1 time, starting on turn 973. You never genocided any monsters. You never polymorphed an object. You never changed form. You used no wishes. You never split a pudding. You never wrote Elbereth's name. You never violated your personal moral code. Dungeon overview: The Dungeons of Doom: levels 1 to 3 Level 1 a long staircase Level 2 a fountain stairs to The Gnomish Mines Level 3 <- You were here an armor shop The Gnomish Mines: Level 3 stairs to The Dungeons of Doom History has recorded: On T:1 you entered the Dungeons of Doom to retrieve the Amulet of Yendor! On T:168 you reached level 2 of The Dungeons of Doom. On T:477 you reached level 3 of The Dungeons of Doom. On T:743 you reached level 1 of The Gnomish Mines. On T:806 you advanced to experience level 2. On T:1140 you advanced to experience level 3. Score breakdown: Gold: 93 ( 6711 points) Experience: 3 levels ( 7878 points) Exploration: 3 levels ( 6.12%) ( 6123 points) Discoveries: 1 item ( 0.35%) ( 1770 points) Valuables value: (no points given unless you survive) Artifact value: 0 ( 0 points) Variety of kills: 9 monsters ( 2.36%) ( 4610 points) Turncount: 1208 turns ( 0 points) Survival: died (score multiplied by 80%) Total score: 21673 Latest messages: You miss the large mimic. The kitten misses the small mimic. You cannot escape from the large mimic! The kitten misses the small mimic. The large mimic hits! You cannot escape from the large mimic! You miss the large mimic. The spell hits the large mimic! The spell misses the large mimic. The large mimic hits! The spell hits the large mimic. You miss the large mimic. The kitten picks up a pair of walking shoes. You miss the large mimic. You hit the large mimic! The large mimic hits! You die... Siirt gratefully inherits all your possessions. Final status: Goodbye wizbiz the Wizard, killed by a large mimic... You died in The Dungeons of Doom on dungeon level 3 with 21673 points, and 93 pieces of gold, after 1208 moves. You were level 3 with a maximum of 25 hit points when you died.